 Dungeon Crawl Stone Soup version 0.29.1-12-g30fa7ad0bf (webtiles) character file.

Game seed: 15458040022785695611

1192 raph the Firebug (level 8, -3/41 HPs)
             Began as a Deep Elf Fire Elementalist on Jan 16, 2023.
             Was an Initiate of Sif Muna.
             Slain by a hornet (12 damage)
             ... on level 7 of the Dungeon.
             The game lasted 00:11:39 (7156 turns).

raph the Firebug (Deep Elf Fire Elementalist)       Turns: 7156, Time: 00:11:40

Health: -3/41      AC:  5    Str:  5    XL:     8   Next: 20%
Magic:  5/18       EV: 12    Int: 23    God:    Sif Muna [......]
Gold:   223        SH:  0    Dex: 15    Spells: 5/18 levels left

rFire   . . .      SeeInvis .   k - +7 Singing Sword {vorpal, sonic wave}
rCold   . . .      Faith    .   (no shield)
rNeg    . . .      Spirit   .   a - +0 robe
rPois   .          Reflect  .   x - +1 helmet
rElec   .          Harm     .   v - +0 cloak
rCorr   .          Rampage  .   (no gloves)
Will    .....                   (no boots)
Stlth   ++........              g - amulet of the acrobat
HPRegen 0.13/turn               (no ring)
MPRegen 0.16/turn               (no ring)

@: lethally poisoned (-3 -> -8), slowed, very slow
A: no striking features
a: Renounce Religion


You were on level 7 of the Dungeon.
You worshipped Sif Muna.
Sif Muna was noncommittal.
You visited 2 branches of the dungeon, and saw 8 of its levels.
You also visited: Sewer.

You collected 223 gold pieces.

Inventory:

Hand Weapons
 d - a +1 short sword
 k - the +7 Singing Sword (weapon) {vorpal, sonic wave}
   (You found it on level 3 of the Dungeon)

   It inflicts extra damage upon your enemies.
   It radiates damaging sonic waves as it strikes, especially in combat
   involving dangerous or numerous foes.
 s - a +2 short sword of venom
Missiles
 r - a throwing net
Armour
 a - a +0 robe (worn)
 v - a +0 cloak (worn)
 x - a +1 helmet (worn)
Jewellery
 g - an amulet of the acrobat (around neck)
 p - an amulet of guardian spirit
Wands
 e - a wand of iceblast (5)
 t - a wand of flame (12)
 y - a wand of digging (5)
Scrolls
 f - 2 scrolls of enchant weapon
 n - a scroll of fog
 u - a scroll of summoning
 z - a scroll of amnesia
Potions
 b - 2 potions of magic
 c - 3 potions of degeneration
 h - 4 potions of curing {unknown}
 i - a potion of berserk rage {unknown}
 j - a potion of cancellation
 l - 3 potions of flight {unknown}
 m - a potion of ambrosia {unknown}
 o - 2 potions of lignification
 A - a potion of resistance
Miscellaneous
 q - a lightning rod (4/4)


   Skills:
 - Level 2.4 Dodging
 - Level 2.4 Stealth
 + Level 5.8 Spellcasting
 * Level 7.0 Conjurations
 * Level 7.7 Fire Magic


You had 5 spell levels left.
You knew the following spells:

 Your Spells              Type           Power      Damage    Failure   Level
a - Foxfire               Conj/Fire      100%       2x1d9     1%          1
b - Scorch                Fire           84%        2d9       1%          2
c - Conjure Flame         Conj/Fire      40%        6-21      1%          3
d - Inner Flame           Hex/Fire       24%        N/A       5%          3
e - Flame Wave            Conj/Fire      40%        2d11      4%          4

Your spell library contained the following spells:

 Spells                   Type           Power      Damage    Failure   Level
 Static Discharge         Conj/Air       22%        3-6/arc   3%          2
 Tukima's Dance           Hex            6%         N/A       26%         3
 Lightning Bolt           Conj/Air       11%        1d24      50%         5
 Passage of Golubria      Tloc           6%         N/A       65%         4
 Yara's Violent Unravell  Hex/Tmut       3%         3d4       94%         5
 Maxwell's Capacitive Co  Air            3%         ∞         100%        8


Dungeon Overview and Level Annotations

Branches:
Dungeon (7/15)             Temple (1/1) D:5           Sewer (visited)

Altars:
Ashenzari
Cheibriados
Dithmenos
Elyvilon
Fedhas
Gozag
Hepliaklqana
Kikubaaqudgha
Makhleb
Nemelex Xobeh
Okawaru
Qazlal
Ru
Sif Muna
Trog
Uskayaw
Wu Jian
Xom
Yredelemnul
Zin
The Shining One

Shops:
D:3 =

Annotations:
D:5 2 transporters, 0o0o's ghost, novice GrFi
D:6 2 transporters


Message History

The howler monkey's fire resistance burns away.
The howler monkey misses you. The howler monkey barely misses you.
Casting: Scorch (safe; 1% risk of failure)
Confirm with . or Enter, or press ? or * to list all spells.
Flames lash the howler monkey.
The howler monkey is burned terribly!
You kill the howler monkey!
Sif Muna accepts your kill.
You hear a shout!
A bullfrog comes into view.
The hornet stings you!
You are poisoned.
You feel yourself slow down.
Your Conjurations skill increases to level 7!
Casting: Scorch (safe; 1% risk of failure)
Confirm with . or Enter, or press ? or * to list all spells.
Flames lash the hornet.
The hornet is lightly wounded.
The hornet's fire resistance burns away.
You feel yourself speed up.
You feel very sick. The hornet barely misses you.
A white imp comes into view.
The bullfrog hits you. The hornet barely misses you.
Casting: Scorch (safe; 1% risk of failure)
Confirm with . or Enter, or press ? or * to list all spells.
Flames lash the white imp.
The white imp is burned terribly!
You kill the white imp!
Sif Muna accepts your kill.
You feel sick. The bullfrog completely misses you. The hornet stings you!
* * * LOW HITPOINT WARNING * * *
You feel yourself slow down.
Casting: Scorch (safe; 1% risk of failure)
Confirm with . or Enter, or press ? or * to list all spells.
Flames lash the hornet.
The hornet is burned terribly!
The hornet is severely wounded.
You feel sick. The bullfrog completely misses you. The hornet stings you.
* * * LOW HITPOINT WARNING * * *
You feel as though you will be slow longer.
The bullfrog misses you. The hornet stings you!
You die...

#.# #.. ♣.
..####.. ..
...#.. ♣. #.#..
♣. #.... ♣.
###.# #. ###
#).# ♣F♣♣
♣♣.♣♣#.<# ♣♣.@♣♣
#♣...♣#..#
♣.y..♣♣
#.#'#.#..#
♣..♣♣..♣♣
#.#.#.#... ♣..♣
♣♣..♣♣
#.#.#.#... ♣..♣
#♣..♣♣#.#.#.#...
♣..♣
#♣..♣#.#.#.#...
..♣
♣♣....#.#....#
.. ♣..#.#)#.#..#
♣..♣#.#)#.#..#


You could see a hornet (combustible) and a bullfrog.

Vanquished Creatures
  2 water moccasins
  An ice beast (D:6)
  An ogre (D:7)
  A centaur (D:7)
  A bullfrog (D:7)
  A necrophage (D:6)
  2 howler monkeys (D:7)
  5 hounds
  A jelly (D:7)
  2 orc priests
  Crazy Yiuf (D:5)
  An orc wizard (D:7)
  A hell rat (Sewer)
  3 gnolls (D:4)
  4 river rats
  4 adders
  A shadow imp (D:5)
  A white imp (D:7)
  2 ufetubi
  A worm (D:2)
  3 dart slugs
  11 orcs
  3 endoplasms
  A giant cockroach (D:3)
  5 goblins
  5 hobgoblins
  3 kobolds
  2 quokkas
  4 ball pythons
  4 bats
  4 frilled lizards
  11 rats
92 creatures vanquished.

Vanquished Creatures (others)
  278 foxfires
278 creatures vanquished.

Grand Total: 370 creatures vanquished

Notes
Turn   | Place    | Note
-------+----------+-------------------------------------------
     0 | D:1      | raph the Deep Elf Fire Elementalist began the quest for the
                  | Orb.
     0 | D:1      | Reached XP level 1. HP: 10/10 MP: 6/6
   232 | D:1      | Reached XP level 2. HP: 15/15 MP: 5/8
   373 | D:1      | Found a faded altar of an unknown god.
   521 | D:1      | Learned a level 2 spell: Scorch
  1429 | D:3      | Reached XP level 3. HP: 11/19 MP: 4/9
  1433 | D:3      | Learned a level 3 spell: Conjure Flame
  1645 | D:3      | Found a glowing drain.
  1717 | Sewer    | Entered a sewer
  1728 | Sewer    | Reached XP level 4. HP: 24/24 MP: 0/10
  2206 | D:3      | Found Sorcheam's Jewellery Boutique.
  2270 | D:3      | Learned a level 3 spell: Inner Flame
  2425 | D:3      | Found the +7 Singing Sword {vorpal, sonic wave}
  3366 | D:4      | Reached skill level 5 in Fire Magic
  3366 | D:4      | Reached XP level 5. HP: 28/28 MP: 5/11
  3836 | D:5      | Entered Level 5 of the Dungeon
  4067 | D:5      | Found a shadowy altar of Dithmenos.
  4101 | D:5      | Reached XP level 6. HP: 25/32 MP: 5/13
  4491 | D:5      | Found a staircase to the Ecumenical Temple.
  4491 | D:5      | Noticed a water moccasin
  4495 | D:5      | Killed a water moccasin
  4496 | D:5      | Reached skill level 5 in Conjurations
  4665 | Temple   | Entered the Ecumenical Temple
  4870 | Temple   | Became a worshipper of Sif Muna the Loreminder
  4906 | D:5      | Noticed 0o0o's ghost (novice GrFi)
  4907 | D:5      | Found a transporter.
  4909 | D:5      | Found a transporter.
  5030 | D:5      | Learned a level 4 spell: Flame Wave
  5367 | D:5      | Found a runed translucent door.
  5368 | D:5      | Noticed Crazy Yiuf
  5380 | D:5      | Killed Crazy Yiuf
  5934 | D:6      | Reached XP level 7. HP: 36/36 MP: 12/15
  6045 | D:6      | Found a transporter.
  6199 | D:6      | Reached skill level 5 in Spellcasting
  6458 | D:6      | Found a transporter.
  6584 | D:6      | Found a sparkling altar of Nemelex Xobeh.
  6698 | D:6      | Noticed a fire bat
  6698 | D:6      | Noticed a fire bat
  6698 | D:6      | Noticed a fire bat
  7038 | D:7      | Reached XP level 8. HP: 41/41 MP: 13/18
  7151 | D:7      | Noticed a hornet
  7156 | D:7      | Slain by a hornet

Illustrated notes

Levels and vault maps discovered:
D:1:      saegor_arrival_simple_b, layout_basic, basic_ecumenical_altar
D:2:      layout_loops_ring
D:3:      layout_basic, serial_shops, nicolae_shop_crystal,
          portal_sewer_entry_a, minivault_5
D:4:      layout_basic
D:5:      layout_basic, nicolae_dithmenos_the_darkroom,
          minmay_temple_entry_hall, gammafunk_ghost_smash,
          uniq_crazy_yiuf_cottage
D:6:      gammafunk_cloud_chamber, layout_basic, nicolae_overflow_hidden_temple,
          minmay_holes, hangedman_decor_push
D:7:      nzn_winding_woodlands_cross [nzn_winding_woodlands_5x15_twine,
          nzn_winding_woodlands_5x15_longhouse,
          nzn_winding_woodlands_5x15_split_checker,
          nzn_winding_woodlands_5x15_pathside_ponds,
          nzn_winding_woodlands_15x15_thick_spiral], layout_basic,
          nrook_mini_vaults
Temple:   nicolae_temple_bog_church

Skill      XL: |  1  2  3  4  5  6  7  8 |
---------------+-------------------------+-----
Conjurations   | 2 3 4 5 6 7 |  7.0
Fire Magic     | 4 5 6 7 |  7.7
Spellcasting   | 4 5 |  5.8
Dodging        | |  2.4
Stealth        | |  2.4

Action                   |  1- 3 |  4- 6 |  7- 9 || total
-------------------------+-------+-------+-------++-------
Melee: Short sword       |     2 |       |       ||     2
       Double sword      |       |     6 |       ||     6
 Cast: Foxfire           |    44 |    82 |    33 ||   159
       Scorch            |     9 |    17 |    17 ||    43
       Conjure Flame     |       |     2 |     1 ||     3
       Inner Flame       |       |     1 |     2 ||     3
  Use: Scroll            |       |    14 |     1 ||    15
 Stab: Sleeping          |     1 |     1 |       ||     2
Armor: Robe              |     2 |     2 |       ||     4
Dodge: Dodged            |     5 |     8 |     7 ||    20
